 Dungeon Crawl Stone Soup version 0.28.0-53-g5a82cb258f (webtiles) character file.

Game seed: 14309615868620926095

9893 Zeld the Ogre Mage (level 11, -1/88 HPs)
             Began as an Ogre Fire Elementalist on June 12, 2022.
             Was an Initiate of Gozag.
             Slain by a hog (12 damage)
             ... led by Kirke
             ... on level 11 of the Dungeon.
             The game lasted 00:17:50 (19084 turns).

Zeld the Ogre Mage (Ogre Fire Elementalist)        Turns: 19084, Time: 00:17:51

Health: -1/88      AC:  5    Str: 14    XL:     11   Next: 53%
Magic:  5/25       EV:  9    Int: 20    God:    Gozag
Gold:   703        SH:  0    Dex:  9    Spells: 20/30 levels left

rFire   + + .      SeeInvis .   b - staff of fire
rCold   . . .      Faith    .   (no shield)
rNeg    . . .      Spirit   .   t - +1 robe {rF+}
rPois   .          Reflect  .   (helmet restricted)
rElec   .          Harm     .   q - +0 cloak
rCorr   +          Rampage  .   (gloves unavailable)
Will    +....                   (boots unavailable)
Stlth   +.........              (no amulet)
HPRegen 0.24/turn               g - ring of resist corrosion
MPRegen 0.19/turn               (no ring)

@: very slightly contaminated
A: large, unfitting armour, tough skin 1
a: Renounce Religion, Potion Petition, Call Merchant, Bribe Branch


You were on level 11 of the Dungeon.
You worshipped Gozag.
Gozag was pleased with you.
You visited 3 branches of the dungeon, and saw 14 of its levels.

You collected 1758 gold pieces.
You spent 984 gold pieces at shops.
You paid 71 gold pieces to Gozag.

Inventory:

Hand Weapons
 a - a +1 trident of flaming
Armour
 q - a +0 cloak (worn)
 t - a +1 robe of fire resistance (worn)
 y - an orb of energy
Magical Staves
 b - a staff of fire (weapon)
Jewellery
 g - a ring of resist corrosion (left hand)
Wands
 m - a wand of paralysis (12)
 s - a wand of flame (9)
 u - a wand of mindburst (8)
 v - a wand of iceblast (4)
 A - a wand of charming (7)
Scrolls
 e - a scroll of summoning
 f - a scroll of enchant weapon
 h - 2 scrolls of amnesia
 j - 4 scrolls of enchant armour
 n - 13 scrolls of teleportation
 p - 3 scrolls of fog
 r - 3 scrolls of fear
 z - 2 scrolls of magic mapping
 B - a scroll of blinking
Potions
 c - 4 potions of curing
 d - a potion of mutation
 i - 2 potions of attraction
 k - a potion of lignification {unknown}
 l - a potion of heal wounds
 o - a potion of ambrosia
 w - 2 potions of haste {unknown}
 C - a potion of flight {unknown}
 D - a potion of might {unknown}


   Skills:
 * Level 8.5 Polearms
 - Level 1.7 Dodging
 - Level 1.4 Stealth
 - Level 10.0 Spellcasting
 + Level 6.6 Conjurations
 - Level 2.0 Hexes
 * Level 9.4 Fire Magic
 + Level 3.0 Evocations


You had 20 spell levels left.
You knew the following spells:

 Your Spells              Type           Power      Damage    Failure   Level
a - Foxfire               Conj/Fire      100%       2x1d9     1%          1
b - Scorch                Fire           100%       2d10      1%          2
c - Inner Flame           Hex/Fire       49%        N/A       1%          3
d - Flame Wave            Conj/Fire      58%        2d11      2%          4

Your spell library contained the following spells:

 Spells                   Type           Power      Damage    Failure   Level
 Magic Dart               Conj           100%       1d8       1%          1
 Searing Ray              Conj           72%        2d7       1%          2
 Conjure Flame            Conj/Fire      58%        6-21      1%          3
 Static Discharge         Conj/Air       23%        N/A       2%          2
 Summon Small Mammal      Summ           40%        N/A       7%          1
 Ensorcelled Hibernation  Hex/Ice        28%        N/A       7%          2
 Fulminant Prism          Conj/Hex       13%        3d9       12%         4
 Portal Projectile        Hex/Tloc       28%        N/A       14%         3
 Summon Guardian Golem    Hex/Summ       14%        N/A       14%         3
 Call Canine Familiar     Summ           10%        N/A       21%         3
 Ozocubu's Armour         Ice            10%        N/A       21%         3
 Spider Form              Tmut/Pois      10%        N/A       21%         3
 Anguish                  Hex/Necr       7%         N/A       41%         4
 Leda's Liquefaction      Hex/Erth       7%         N/A       41%         4
 Ice Form                 Ice/Tmut       10%        N/A       56%         4
 Summon Lightning Spire   Summ/Air       10%        N/A       56%         4
 Metabolic Englaciation   Hex/Ice        7%         N/A       77%         5
 Borgnjor's Vile Clutch   Necr/Erth      5%         N/A       88%         5
 Orb of Destruction       Conj           18%        9d8       98%         7
 Simulacrum               Ice/Necr       5%         N/A       100%        6
 Summon Cactus Giant      Summ           5%         N/A       100%        6
 Malign Gateway           Summ/Tloc      5%         N/A       100%        7
 Spellforged Servitor     Conj/Summ      11%        N/A       100%        7
 Chain Lightning          Conj/Air       11%        3d15      100%        9


Dungeon Overview and Level Annotations

Branches:
Dungeon (12/15)            Temple (1/1) D:5            Lair (1/6) D:10
    Orc (0/2) D:9

Altars:
Ashenzari
Cheibriados
Dithmenos
Elyvilon
Fedhas
Gozag
Hepliaklqana
Kikubaaqudgha
Makhleb
Nemelex Xobeh
Okawaru
Qazlal
Ru
Sif Muna
Trog
Uskayaw
Vehumet
Wu Jian
Xom
Yredelemnul
Zin
The Shining One

Shops:
D:1 [   D:4 ***   D:8 *   D:11 [

Annotations:
D:6 2 transporters, Zeld's ghost, weakling MiBe
D:10 2 runed translucent doors, Icepheonix32's ghost, journeyman DrFE
Lair:1 Grum


Innate Abilities, Weirdness & Mutations

You are too large for most types of armour.
You have tough skin. (AC +1)


Message History

Casting: Scorch (safe; 1% risk of failure)
Confirm with . or Enter, or press ? or * to list all spells.
You feel a surge of power!
Flames lash the hog.
The hog is moderately wounded.
The hog's fire resistance burns away.
The hog bites you! The hog bites you.
An orc comes into view. It is wielding a +0 hand axe.
The boulder beetle curls into a ball and begins rolling!
The hog bites you.
The hog closely misses you. x2; The hog bites you.
You climb upwards.
There is a stone staircase leading down here.
Casting: Scorch (safe; 1% risk of failure)
Confirm with . or Enter, or press ? or * to list all spells.
You feel a surge of power!
Flames lash the hog.
The hog is burned terribly!
The hog is almost dead.
The hog bites you but does no damage. The hog bites you. The hog bites you!
The hog bites you.
* * * LOW HITPOINT WARNING * * *
Casting: Scorch (safe; 1% risk of failure)
Confirm with . or Enter, or press ? or * to list all spells.
You feel a surge of power!
Flames lash the hog.
The hog is burned terribly!
The hog is almost dead.
The hog bites you but does no damage. The hog bites you!
* * * LOW HITPOINT WARNING * * *
The hog bites you but does no damage. x2
Unknown command.
Casting: Scorch (safe; 1% risk of failure)
Confirm with . or Enter, or press ? or * to list all spells.
You feel a surge of power!
You miscast Scorch.
You are very lightly contaminated with residual magic.
Nothing appears to happen.
The hog barely misses you. The hog bites you but does no damage.
The hog bites you!
* * * LOW HITPOINT WARNING * * *
The hog barely misses you.
Casting: Scorch (safe; 1% risk of failure)
Confirm with . or Enter, or press ? or * to list all spells.
You feel a surge of power!
Flames lash the hog.
The hog is burned terribly!
The hog is almost dead.
The hog bites you!
You die...
Your body crumbles into a pile of gold.

...#..#.....#..#####'##.########.
...#..#######...........#......#.
####............#####'#.#......#.
................'.....#.#......#.
................#.....#.#......#.
................#.....#.#......#.
................#.....#.#......#.
...............h#######.#......#.
...............h@h......#......#.
........##############..#......'.
#+##....#............#..#......#.
...'....#............#..########.
...#....#...#######..#...........
...#....#...#.....#..#...........
...#....#...#.....#..#...........
...#....#...#.....#..#..<........
####....#...#.....'..#......#####


You could see 3 hogs.

Vanquished Creatures
  A two-headed ogre (D:11)
  4 death yaks
  A kobold demonologist (D:8)
  2 trolls (D:11)
  2 shadows (D:11)
  A hog (D:12)
  4 wyverns
  A steam dragon (D:8)
  5 yaks
  A water moccasin (D:7)
  7 orc warriors
  An ice beast (D:5)
  A black bear (D:8)
  A sky beast (D:7)
  An ogre (D:7)
  A phantom (D:5)
  6 centaurs
  A wolf (D:10)
  2 bullfrogs
  4 kobold brigands
  A gnoll sergeant (D:7)
  A wyvern zombie (D:7)
  2 scorpions (D:5)
  3 howler monkeys (D:9)
  6 centaur zombies
  6 orc priests
  A bullfrog skeleton (D:7)
  A centaur skeleton (D:5)
  Jessica (D:3)
  5 iguanas
  Terence (D:2)
  9 orc wizards
  2 hound skeletons
  6 gnolls
  8 adders
  A white imp (D:7)
  2 ufetubi
  2 adder skeletons (D:4)
  2 dart slugs
  3 worms
  37 orcs
  5 endoplasms
  5 giant cockroaches
  4 goblins
  10 hobgoblins
  8 jackals
  6 quokkas
  2 ball pythons
  9 bats
  5 frilled lizards
  25 kobolds
  3 rats
  A spectral hobgoblin (D:9)
230 creatures vanquished.

Vanquished Creatures (others)
  52 foxfires
52 creatures vanquished.

Grand Total: 282 creatures vanquished

Notes
Turn   | Place    | Note
-------+----------+-------------------------------------------
     0 | D:1      | Zeld the Ogre Fire Elementalist began the quest for the
                  | Orb.
     0 | D:1      | Reached XP level 1. HP: 16/16 MP: 3/3
   109 | D:1      | Reached skill level 1 in Conjurations
   260 | D:1      | Got Gaoron's Almanac of Aerial Cold
   291 | D:1      | Found a faded altar of an unknown god.
   349 | D:1      | Reached XP level 2. HP: 24/24 MP: 5/5
   396 | D:1      | Found Wybove's Antique Armour Boutique.
   949 | D:1      | Reached skill level 3 in Spellcasting
  1120 | D:2      | Reached XP level 3. HP: 12/31 MP: 7/7
  1123 | D:2      | Learned a level 2 spell: Scorch
  1127 | D:2      | Learned a level 3 spell: Inner Flame
  1793 | D:2      | Found Otiwk's Magic Scroll Emporium.
  1984 | D:2      | Bought a scroll of identify for 22 gold pieces
  1984 | D:2      | Bought a scroll of identify for 22 gold pieces
  1984 | D:2      | Bought a scroll of identify for 22 gold pieces
  1996 | D:2      | Noticed Terence
  2004 | D:2      | Killed Terence
  2005 | D:2      | Reached XP level 4. HP: 29/39 MP: 1/9
  2449 | D:3      | Found Jeud's Assorted Antiques.
  2619 | D:3      | Reached skill level 4 in Spellcasting
  2619 | D:3      | Reached XP level 5. HP: 33/45 MP: 1/11
  3287 | D:3      | Noticed Jessica
  3290 | D:3      | Killed Jessica
  3819 | D:4      | Found Lom Kuhu's Elemental Accessories.
  3873 | D:4      | Reached XP level 6. HP: 53/53 MP: 7/12
  3941 | D:4      | Found Rapemom's General Store.
  3973 | D:4      | Found Buefrutz's Specific Store.
  4794 | D:5      | Entered Level 5 of the Dungeon
  4799 | D:5      | Noticed an ice beast
  4802 | D:5      | Reached skill level 5 in Spellcasting
  5087 | D:5      | Reached skill level 1 in Polearms
  5178 | D:5      | Reached XP level 7. HP: 59/59 MP: 3/14
  5371 | D:5      | Found a staircase to the Ecumenical Temple.
  5397 | Temple   | Entered the Ecumenical Temple
  5525 | Temple   | Became a worshipper of Gozag Ym Sagoz the Greedy
  5861 | D:2      | Bought a scroll of identify for 22 gold pieces
  5861 | D:2      | Bought a scroll of magic mapping for 38 gold pieces
  5861 | D:2      | Bought a scroll of teleportation for 33 gold pieces
  5951 | D:5      | Reached skill level 5 in Fire Magic
  6267 | D:5      | Reached skill level 6 in Spellcasting
  6454 | D:5      | Reached XP level 8. HP: 22/67 MP: 4/17
  6960 | D:5      | Learned a level 4 spell: Flame Wave
  7152 | D:6      | Found an ornate altar of the Wu Jian Council.
  7164 | D:6      | Got the Disquisition on Creative Unholy Magic
  7300 | D:2      | Bought a scroll of magic mapping for 38 gold pieces
  7300 | D:2      | Bought 3 scrolls of teleportation for 99 gold pieces
  7412 | D:6      | Found a burning altar of Makhleb.
  7723 | D:6      | Noticed Zeld's ghost (weakling MiBe)
  7725 | D:6      | Found a transporter.
  7757 | D:6      | Found a blossoming altar of Fedhas.
  7871 | D:6      | Identified the +7 flail of Upheaval {vorpal, rPois rC+
                  | Dex+5}
  8021 | D:6      | Found a transporter.
  8069 | D:6      | Reached skill level 7 in Spellcasting
  8360 | D:6      | Identified the +6 great mace of Disharmony {pain, rF+
                  | Int+2}
  8712 | D:7      | Reached XP level 9. HP: 63/74 MP: 12/19
  9566 | D:4      | Bought a staff of fire for 325 gold pieces
  9756 | D:7      | Found a shadowy altar of Dithmenos.
  9880 | D:7      | Found a snail-covered altar of Cheibriados.
  9917 | D:7      | Found a basalt altar of Yredelemnul.
  9983 | D:7      | Found a glowing golden altar of the Shining One.
  9984 | D:7      | Found a glowing silver altar of Zin.
  9985 | D:7      | Found a white marble altar of Elyvilon.
 10208 | D:8      | Reached skill level 8 in Spellcasting
 10272 | D:8      | Reached skill level 5 in Polearms
 10408 | D:8      | Found Caull's Assorted Antiques.
 10454 | D:8      | Bought a potion of curing for 99 gold pieces
 10454 | D:8      | Bought a scroll labelled OCSOYD UREF for 33 gold pieces
 10504 | D:8      | Reached skill level 5 in Conjurations
 10598 | D:8      | Found a broken altar of Ashenzari.
 10715 | D:8      | Bought a scroll labelled ZIOTHRUAFO for 33 gold pieces
 11034 | D:9      | Found a hazy altar of Hepliaklqana.
 11490 | D:9      | Reached XP level 10. HP: 53/81 MP: 13/22
 11965 | D:9      | Found a staircase to the Orcish Mines.
 12026 | D:9      | Reached skill level 9 in Spellcasting
 12035 | D:9      | Noticed a two-headed ogre
 12153 | D:8      | Bought a scroll of identify for 66 gold pieces
 12153 | D:8      | Bought a scroll of identify for 66 gold pieces
 12153 | D:8      | Bought a scroll of identify for 66 gold pieces
 12617 | D:9      | Noticed a kobold demonologist
 12622 | D:9      | Noticed an orange demon
 12781 | D:8      | Killed a kobold demonologist
 13211 | D:9      | Found a radiant altar of Vehumet.
 14074 | D:10     | Entered Level 10 of the Dungeon
 14255 | D:10     | Identified the +1 plate armour of Qazlal's Favour {rN++}
 14306 | D:10     | Noticed a death yak
 14326 | D:10     | Killed a death yak
 14508 | D:10     | Reached skill level 1 in Evocations
 14918 | D:10     | Found a large runed translucent door.
 14918 | D:10     | Found a large runed translucent door.
 14920 | D:10     | Noticed Icepheonix32's ghost (journeyman DrFE)
 15042 | D:10     | Noticed a death yak
 15042 | D:10     | Noticed a death yak
 15042 | D:10     | Noticed a death yak
 15042 | D:10     | Noticed a death yak
 15904 | D:10     | Noticed a death yak
 15908 | D:9      | Killed a death yak
 15909 | D:9      | Reached skill level 10 in Spellcasting
 16679 | D:10     | Found a staircase to the Lair.
 16824 | D:10     | Reached XP level 11. HP: 88/88 MP: 15/25
 17054 | Lair:1   | Entered Level 1 of the Lair of Beasts
 17054 | Lair:1   | Noticed Grum
 17054 | Lair:1   | Noticed a six-headed hydra
 17198 | D:11     | Found Ylocwuiw's Antique Armour Emporium.
 17623 | D:11     | Killed a death yak
 17982 | D:11     | Killed a death yak
 18726 | D:11     | Killed a two-headed ogre
 19077 | D:12     | Noticed a boulder beetle
 19084 | D:11     | Slain by a hog

Illustrated notes

Levels and vault maps discovered:
D:1:      amcnicky_arrival_blooded_trapdoor, layout_basic, serial_shops, shop,
          ebering_ecumenical_altar_abandoned
D:2:      layout_basic, serial_shops, shop_scrolls, uniq_terence
D:3:      layout_loops_ring, serial_shops, nicolae_shop_stone,
          grunt_ministairs_14, uniq_jessica
D:4:      layout_basic, nicolae_specific_store, kennysheep_decorative_pillar,
          nicolae_elemental_shop
D:5:      layout_loops_cross, minmay_temple_entry_tees, kennysheep_small_spiral
D:6:      layout_rooms, lemuel_coloured_pillars_altar,
          mainiacjoe_overflow_surrounded_room, lemuel_tele_altar,
          gammafunk_ghost_smash, minmay_unpleasant_kobolds
D:7:      layout_rooms, good_gods_temple_1,
          nicolae_dithmenos_through_a_glass_darkly,
          mainiacjoe_overflow_catch_the_wave
D:8:      layout_rooms, cheibrodos_ashenzari_chains, serial_shops, shop,
          hangedman_decor_opposing
D:9:      layout_loops_ring, nicolae_hepliaklqana_monster_ancestors,
          vehumet_crystals, david_orc_4, minmay_holes
D:10:     layout_irregular_city, dpeg_lair_monsters, ebering_ghost_disaster_area
D:11:     layout_irregular_city, serial_shops, nicolae_shop_hallway_stairs
D:12:     layout_small_grid, uniq_kirke
Temple:   dpeg_chambers_temple
Lair:1:   layout_chaotic_city, nicolae_quartered_pool_medium,
          serial_bayou_pond_e, beast_lair_carwin_11, lemuel_fruit_tree,
          lemuel_fruit_fields, serial_bayou_shore_a, grunt_megastairs_2,
          infiniplex_staircase_pool, uniq_grum

Skill      XL: |  1  2  3  4  5  6  7  8  9 10 11 |
---------------+----------------------------------+-----
Conjurations   | 1 2 3 4 5 6 |  6.6
Fire Magic     | 3 4 5 6 7 8 9 |  9.4
Spellcasting   | 3 4 5 6 7 8 10 | 10.0
Polearms       | 1 2 3 5 7 8 |  8.5
Hexes          | 2 |  2.0
Evocations     | 1 3 |  3.0
Dodging        | |  1.7
Stealth        | |  1.4

Action                   |  1- 3 |  4- 6 |  7- 9 | 10-12 || total
-------------------------+-------+-------+-------+-------++-------
Melee: Unarmed           |    12 |       |       |       ||    12
       Short sword       |    63 |    22 |       |       ||    85
       Trident           |       |     8 |    22 |       ||    30
       Punch             |       |       |     1 |       ||     1
       Staff             |       |       |     4 |     2 ||     6
 Cast: Foxfire           |    10 |    13 |       |    11 ||    34
       Scorch            |    18 |    66 |   160 |   132 ||   376
       Flame Wave        |       |       |     3 |     1 ||     4
       Inner Flame       |       |       |     2 |    23 ||    25
Evoke: Wand              |       |       |       |     1 ||     1
  Use: Scroll            |       |       |    12 |     4 ||    16
 Stab: Sleeping          |       |     1 |     1 |       ||     2
       Distracted        |       |       |     1 |       ||     1
Armor: Robe              |    45 |    24 |    37 |    28 ||   134
Dodge: Dodged            |    60 |    26 |    61 |    61 ||   208
